 Dungeon Crawl Stone Soup version 0.19.0-24-gb05acd6 (webtiles) character file.

16 ChaseSP the Changer (level 2, 0/14 HPs)
             Began as a Vine Stalker Transmuter on Nov 22, 2016.
             Slain by a kobold
             ... wielding a +0 short sword
              (1 damage)
             ... on level 3 of the Dungeon.
             The game lasted 00:01:31 (1153 turns).

ChaseSP the Changer (Vine Stalker Transmuter)       Turns: 1153, Time: 00:01:31

Health: 0/14       AC:  2    Str: 12    XL:     2   Next: 58%
Magic:  0/6        EV: 12    Int: 13    God:
Gold:   77         SH:  0    Dex: 14    Spells: 2 memorised, 2 levels left

rFire  . . .     SeeInvis .       - Unarmed
rCold  . . .     Gourm    .     b - +0 robe
rNeg   . . .     Faith    .     (no shield)
rPois  .         Spirit   +     (no helmet)
rElec  .         Reflect  .     (no cloak)
rCorr  .         Harm     .     (no gloves)
MR     .....                    (no boots)
Stlth  +.........               (no amulet)
                                (no ring)
                                (no ring)

@: no status effects
A: fangs 2, magic shield, antimagic bite, no device heal 3, rot immunity
a: no special abilities


You were on level 3 of the Dungeon.
You were hungry.

You visited 1 branch of the dungeon, and saw 3 of its levels.

You collected 77 gold pieces.

Inventory:

Missiles
 a - 51 arrows
Armour
 b - a +0 robe (worn)
Scrolls
 j - a scroll of remove curse {unknown}
Potions
 e - a potion of agility {unknown}
 g - a potion of resistance {unknown}
 h - 2 potions of brilliance {unknown}
 i - a potion of curing {unknown}
Books
 c - a book of Changes

   Spells                             Type                      Level
   a - Beastly Appendage              Transmutation                1
   b - Sticks to Snakes               Transmutation                2
   c - Spider Form                    Transmutation/Poison         3
   d - Ice Form                       Ice/Transmutation            4
   e - Blade Hands                    Transmutation                5
Comestibles
 d - 3 bread rations
 f - a slice of pizza
 l - a meat ration


   Skills:
 - Level 0.8 Fighting
 - Level 1.5 Dodging
 - Level 3.0 Unarmed Combat
 - Level 2.1 Spellcasting
 + Level 3.1 Transmutations


You had 2 spell levels left.
You knew the following spells:

 Your Spells              Type           Power        Failure   Level  Hunger
a - Beastly Appendage     Tmut           #.....       10%         1    ##.....
b - Sticks to Snakes      Tmut           #.......     12%         2    ###....


Dungeon Overview and Level Annotations

Branches:
Dungeon (3/15)

Altars:

Annotations:
D:2 Sigmund


Innate Abilities, Weirdness & Mutations

You have extremely sharp teeth.
When hurt, damage is shared between your health and your magic reserves.
Your bite disrupts and absorbs the magic of your enemies.
Potions and wands cannot restore your health.
You are immune to rotting.


Message History

You hit the crimson imp. You bite the crimson imp.
The crimson imp's magic leaks into the air.
You drain its magic.
You feel invigorated.
The crimson imp is moderately wounded.
The crimson imp closely misses you.
You closely miss the crimson imp.
The crimson imp blinks!
A kobold comes into view. It is wielding a short sword.
The kobold throws a stone.
The stone hits you but does no damage.
Found a dagger.
The kobold throws a stone.
The stone barely misses you.
The kobold throws a stone.
The stone misses you. The kobold hits you but does no damage.
You closely miss the kobold. You bite the kobold, but do no damage.
The kobold completely misses you.
You closely miss the kobold. Your bite misses the kobold.
The kobold hits you with a short sword.
You barely miss the kobold. Your punch misses the kobold.
Your bite misses the kobold. The crimson imp hits you.
The kobold hits you with a short sword.
You die...

# #.# ##
#.######
.##
#....<.#
..##
######.####
...#
#.......(#
....#
#...##.##.#
....+ ....
#.##.#
....# ##.
.5##5#
...## #
.####@#
..## #. #K#
.## . .)#
## ## ####


You could see a crimson imp and a kobold.

Vanquished Creatures
  A leopard gecko (D:1)
  A ball python (D:2)
  A bat (D:1)
  2 giant cockroaches
  3 goblins
  A hobgoblin (D:1)
  A frilled lizard (D:3)
  2 kobolds
  A rat (D:1)
13 creatures vanquished.

Notes
Turn   | Place    | Note
-------+----------+-------------------------------------------
     0 | D:1      | ChaseSP the Vine Stalker Transmuter began the quest for the Orb.
     0 | D:1      | Reached XP level 1. HP: 9/9 MP: 4/4
   134 | D:1      | Reached XP level 2. HP: 14/14 MP: 4/6
   138 | D:1      | Learned a level 2 spell: Sticks to Snakes
   501 | D:2      | Noticed Sigmund
  1091 | D:3      | Noticed a crimson imp
  1153 | D:3      | Slain by a kobold

Skill      XL: |  1  2 |
---------------+-------+-----
Transmutations | 3 |  3.1
Fighting       | |  0.8
Dodging        | |  1.5
Unarmed Combat | |  3.0
Spellcasting   | |  2.1

Action                   || total
-------------------------++-------
Melee: Unarmed           ||    67
       Bite              ||     9
       Kick              ||     5
 Cast: Beastly Appendage ||     2
Armor: Robe              ||     9
Dodge: Dodged            ||    41
